 Dungeon Crawl Stone Soup version 0.14.0-15-g6b16f67 (webtiles) character file.

338 Maka the Slasher (level 6, -2/30 HPs)
             Began as a Vine Stalker Gladiator on Apr 17, 2014.
             Slain by Edmund
             ... wielding a +1,+3 flail of holy wrath
              (6 damage)
             ... on Level 4 of the Dungeon on Apr 18, 2014.
             The game lasted 00:10:06 (2263 turns).

Maka the Slasher (Vine Stalker Gladiator)           Turns: 2263, Time: 00:10:06

HP  -2/30        AC  4     Str 17      XL: 6   Next:  1%
MP   0/8         EV 15     Int  8      God:
Gold 112         SH  0     Dex 17      Spells:  0 memorised,  5 levels left

rFire  . . .     SeeInvis .     a - +0 long sword
rCold  . . .     Clarity  .     t - +0 leather armour
rNeg   . . .     Conserve .     (no shield)
rPois  .         rCorr    .     c - +0 helmet
rElec  .         rRot     +     (no cloak)
SustAb . .       Spirit   +     (no gloves)
rMut   .         Warding  .     (no boots)
Saprov . . .     Stasis   .     (no amulet)
MR     .....                    (no ring)
                                v - +3 ring of evasion

@: not resistant to hostile enchantments, unstealthy
A: fangs 2, regeneration 2, magic shield, antimagic bite, no device heal
a: no special abilities


You were on level 4 of the Dungeon.
You were not hungry.

You visited 1 branch of the dungeon, and saw 4 of its levels.

You collected 112 gold pieces.

Inventory:

Hand weapons
 a - a +0,+0 long sword (weapon)
Missiles
 b - 4 tomahawks (quivered)
 d - 3 throwing nets
Armour
 c - a +0 helmet (worn)
 t - a +0 leather armour (worn)
Magical devices
 s - a wand of digging (8)
Comestibles
 f - 4 bread rations
 k - 2 meat rations
Scrolls
 e - 6 scrolls of teleportation
 g - a scroll of enchant armour {unknown}
 j - a scroll of fear {unknown}
 m - 2 scrolls of identify
 n - 2 scrolls of enchant weapon I {unknown}
 o - a scroll of enchant weapon II {unknown}
 r - a scroll of remove curse {unknown}
Jewellery
 i - an uncursed amulet of conservation {unknown}
 v - a +3 ring of evasion (left hand)
Potions
 h - 2 potions of restore abilities
 l - 2 potions of curing
 p - a potion of heal wounds {unknown}
 q - 2 potions of flight
 u - a potion of paralysis {unknown}


   Skills:
 - Level 1.7 Fighting
 + Level 5.9 Long Blades
 - Level 1.7 Throwing
 - Level 2.4 Dodging


You had 5 spell levels left.
You didn't know any spells.

Dungeon Overview and Level Annotations

Branches:
Dungeon (4/15)
 Temple: D:4-7

Altars:
Cheibriados
Dithmenos
Sif Muna

Annotations:
D:4 Edmund


Innate Abilities, Weirdness & Mutations

You are immune to rotting.
You have extremely sharp teeth.
You heal very quickly.
When hurt, damage is shared between your health and your magic reserves.
Your bite disrupts and absorbs the magic of your enemies.
Potions and wands cannot restore your HP.


Message History

Edmund is heavily wounded.
Edmund closely misses you.
You barely miss Edmund. You bite Edmund, but do no damage.
Edmund is heavily wounded.
Edmund hits you but does no damage.
You hit Edmund.
Edmund is heavily wounded.
Edmund hits you with a glowing flail!
* * * LOW HITPOINT WARNING * * *
You hit Edmund. You bite Edmund. You drain his power.
You feel invigorated.
Edmund is severely wounded.
Edmund hits you but does no damage.
You hit Edmund but do no damage. You bite Edmund, but do no damage.
Edmund is severely wounded.
Edmund hits you with a glowing flail!
* * * LOW HITPOINT WARNING * * *
You barely miss Edmund. You bite Edmund, but do no damage.
Edmund is severely wounded.
Edmund hits you with a glowing flail!
You die...

.>......#######.##.#.#........
................#...........#
................#..#........#
.......#.######.#..#........#
.......#.# #.#..#........#
.......#.# #.#..#..o.....# .
##'#####.# #.#..#...####.# ..
#.#####.######.##.###.####.##...
##..............@@.......>.......
.........######.######.##.#.#####
########.# #. ..#.......#.#
#.############.#####.#...#
####.#.....%..............#.###
#....#.##########.#####........
#.##.#)# #........##.###
###.##.#.# ########....#
....##.#.# ######


You could see Edmund.

Vanquished Creatures
  An orc wizard (D:4)
  A hound (D:4)
  An iguana (D:4)
  4 adders
  4 worms
  3 giant geckos
  2 oozes
  7 orcs
  7 goblins
  9 hobgoblins
  7 jackals (D:2)
  13 bats
  3 giant cockroaches
  4 giant newts
  6 kobolds
  2 quokkas (D:2)
  11 rats
85 creatures vanquished.

Notes
Turn   | Place    | Note
--------------------------------------------------------------
     0 | D:1      | Maka, the Vine Stalker Gladiator, began the quest for the Orb.
     0 | D:1      | Reached XP level 1. HP: 11/11 MP: 1/1
     0 | D:1      | Upgraded the game from 0.14.0-12-g87ee3b7 to 0.14.0-15-g6b16f67
    73 | D:1      | Reached skill level 3 in Long Blades
   131 | D:1      | Reached XP level 2. HP: 15/15 MP: 3/3
   432 | D:1      | Reached XP level 3. HP: 18/18 MP: 4/4
   626 | D:2      | Reached skill level 4 in Long Blades
   723 | D:2      | Found a shadowy altar of Dithmenos.
   886 | D:1      | Reached XP level 4. HP: 8/23 MP: 2/5
  1329 | D:3      | Found a deep blue altar of Sif Muna.
  1417 | D:3      | Reached skill level 5 in Long Blades
  1492 | D:3      | Reached XP level 5. HP: 6/26 MP: 2/7
  1970 | D:4      | Found a snail-covered altar of Cheibriados.
  2156 | D:4      | Gained mutation: You heal very quickly. [vine stalker growth]
  2156 | D:4      | Reached XP level 6. HP: 13/30 MP: 4/8
  2233 | D:4      | Noticed Edmund
  2263 | D:4      | Slain by Edmund

Action                   |  1- 3 |  4- 6 || total
-------------------------+-------+-------++-------
Melee: Long sword        |   112 |   147 ||   259
Evoke: Wand              |       |     1 ||     1
  Use: Scroll            |     1 |     3 ||     4
       Potion            |       |     1 ||     1
